[Event "Early-Titled-Tuesday-Blitz-October-17-2023"]
[Site "Chess.com"]
[Date "2023.10.17"]
[Round "3"]
[White "Tobias_Koelle"]
[Black "Zavgorodniy_Sergiy"]
[Result "1-0"]
[WhiteElo "2960"]
[BlackElo "2679"]
[TimeControl "180+1"]
[EndTime "8:24:29 PDT"]
[Termination "Tobias_Koelle won by resignation"]

1. d4 Nf6 2. Nc3 d5 3. Bf4 a6 4. e3 c5 5. dxc5 Nc6 6. a3 e5 7. Bg5 Bxc5 8. Bxf6 Qxf6 9. Nxd5 Qd6 10. b4 Ba7 11. c4 O-O 12. Bd3 Be6 13. Ne2 Rad8 14.
Nec3 Ne7 15. Ne4 Qc6 16. Nxe7+ 1-0

[Event "Early-Titled-Tuesday-Blitz-October-17-2023"]
[Site "Chess.com"]
[Date "2023.10.17"]
[Round "3"]
[White "DonCiao"]
[Black "Mourinho_Jose"]
[Result "0-1"]
[WhiteElo "2102"]
[BlackElo "2518"]
[TimeControl "180+1"]
[EndTime "8:24:50 PDT"]
[Termination "Mourinho_Jose won by resignation"]

1. c4 e6 2. g3 d5 3. Nf3 Nf6 4.
Bg2 dxc4 5. O-O Nc6 6. Qa4 Bd6 7. Qxc4 O-O 8. d4 e5 9. d5 Ne7 10. e4 a6 11. a4 Bd7 12. Nc3 b5 13. axb5 axb5 14.
Rxa8 Qxa8 15. Qd3 b4 16. Nb5 Qa6 0-1

[Event "Early-Titled-Tuesday-Blitz-October-17-2023"]
[Site "Chess.com"]
[Date "2023.10.17"]
[Round "3"]
[White "SashaKuzhilniy"]
[Black "Caterpiller35"]
[Result "1-0"]
[WhiteElo "2621"]
[BlackElo "2448"]
[TimeControl "180+1"]
[EndTime "8:25:08 PDT"]
[Termination "SashaKuzhilniy won by resignation"]

1. b3 Nf6 2. Bb2 g6 3. Nf3 Bg7 4. g3 O-O 5. Bg2 c6 6. O-O d5 7. d3 Bg4 8. c4 Nbd7 9. Nbd2 Re8 10.
h3 Bxf3 11. Nxf3 e5 12. cxd5 cxd5 13. e3 e4 14. dxe4 dxe4 15. Nd4 Ne5 16. Qe2 h5 17.
Rfd1 Qb6 18. Qb5 Qxb5 19. Nxb5 Nd3 20. Bd4 Rec8 21. Nd6 Rc2 22. Nxe4 Nxe4 23. Bxe4 Bxd4 24. exd4 Nxf2 25. Bxc2 1-0

[Event "Early-Titled-Tuesday-Blitz-October-17-2023"]
[Site "Chess.com"]
[Date "2023.10.17"]
[Round "3"]
[White "vishwa_vijeta"]
[Black "DreamsAreFake"]
[Result "0-1"]
[WhiteElo "2532"]
[BlackElo "2746"]
[TimeControl "180+1"]
[EndTime "8:25:29 PDT"]
[Termination "DreamsAreFake won by resignation"]

1. e4 c6 2. d4 d5 3. Nd2 dxe4 4. Nxe4 Nf6 5. Nxf6+ exf6 6. c3 g6 7. Bc4 Bg7 8. h4 h5 9. Qc2 Nd7 10. Nf3 Nb6 11. Bb3 a5 12. a4 Bf5 13. Qe2+ Qe7 14.
Qxe7+ Kxe7 15. Bf4 Nd5 16. Bg3 Rhe8 17. O-O Kd7 18.
Rfe1 Bh6 19. Rxe8 Rxe8 20. Re1 Rxe1+ 21. Nxe1 Bc1 22. Bxd5 cxd5 23. b4 axb4 24. cxb4 Bd2 25. Nf3 Bxb4 26. Nh2 Bc2 0-1

[Event "Early-Titled-Tuesday-Blitz-October-17-2023"]
[Site "Chess.com"]
[Date "2023.10.17"]
[Round "3"]
[White "FunnyDuck66"]
[Black "KVAIDAN"]
[Result "0-1"]
[WhiteElo "2475"]
[BlackElo "2268"]
[TimeControl "180+1"]
[EndTime "8:25:37 PDT"]
[Termination "KVAIDAN won by resignation"]

1. d4 e6 2. c4 f5 3. Nc3 Nf6 4.
Nf3 Bb4 5. Bf4 Ne4 6. Qc2 O-O 7.
h4 b6 8. e3 Bb7 9. Bd3 d6 10. Qb3 a5 11. Bxe4 Bxe4 12. Ng5 Nc6 13.
Nxe6 Qe7 14. Nxf8 Rxf8 15. a3 Nxd4 16. exd4 Bc2+ 17. Kd2 Bxb3 18. axb4 axb4 19. Nd5 Qe4 20. Rac1 Qxd4+ 21. Ke2 Bxc4+ 0-1

[Event "Early-Titled-Tuesday-Blitz-October-17-2023"]
[Site "Chess.com"]
[Date "2023.10.17"]
[Round "3"]
[White "Ramosha"]
[Black "stasOR4ik"]
[Result "1-0"]
[WhiteElo "2630"]
[BlackElo "2454"]
[TimeControl "180+1"]
[EndTime "8:25:40 PDT"]
[Termination "Ramosha won by resignation"]

1. e4 c6 2. d4 d5 3. e5 c5 4.
dxc5 e6 5. Be3 Nc6 6. Nf3 Qc7 7. Bb5 Ne7 8. O-O Bd7 9. Qe2 O-O-O 10. c3 Nxe5 11.
Nxe5 Qxe5 12. Bxd7+ Rxd7 13. Nd2 Nf5 14. Nf3 Qe4 15. b4 Nxe3 16. fxe3 Qc4 17. Qxc4 dxc4 18. Ne5 Rd3 19. Nxd3 cxd3 20. Rxf7 g6 21. Rd1 Bh6 22. Rxd3 1-0

[Event "Early-Titled-Tuesday-Blitz-October-17-2023"]
[Site "Chess.com"]
[Date "2023.10.17"]
[Round "3"]
[White "wannabe2700"]
[Black "viktorgen2021"]
[Result "1-0"]
[WhiteElo "2642"]
[BlackElo "2402"]
[TimeControl "180+1"]
[EndTime "8:25:56 PDT"]
[Termination "wannabe2700 won by resignation"]

1. e4 c6 2. d4 d5 3. e5 Bf5 4.
Nf3 e6 5. Be2 Nd7 6. O-O h6 7. a4 a6 8. a5 Ne7 9. c3 Nc8 10. b4 Be7 11. Nbd2 O-O 12. Nb3 Na7 13. Be3 Nb5 14. Qd2 Kh7 15. Bd3 Bxd3 16. Qxd3+ Kg8 17.
Rae1 f5 18. exf6 Nxf6 19. Nc5 Bxc5 20. dxc5 Ne4 21. Bd4 Qe8 22. Ne5 Qh5 23. f3 Nf6 24. Ng6 Rfe8 25. g4 Qh3 26. Nf4 Qh4 27. Bf2 Qg5 28.
Nh3 1-0

[Event "Early-Titled-Tuesday-Blitz-October-17-2023"]
[Site "Chess.com"]
[Date "2023.10.17"]
[Round "3"]
[White "Masterbeaterr"]
[Black "Witty_Alien"]
[Result "0-1"]
[WhiteElo "2427"]
[BlackElo "2250"]
[TimeControl "180+1"]
[EndTime "8:25:59 PDT"]
[Termination "Witty_Alien won by resignation"]

1. d4 e5 2. dxe5 d6 3. exd6 Bxd6 4. Nf3 Nf6 5. e3 Nc6 6. Be2 Bg4 7. O-O Qd7 8. b3 O-O-O 9. Bb2 Kb8 10. Nc3 Qf5 11.
Nb5 Bxf3 12. Nxd6 Rxd6 13. Qe1 Bxg2 14. Kxg2 Ne4 15. f4 Rg6+ 16. Kh1 Qh3 17. Bf3 Ng3+ 0-1

[Event "Early-Titled-Tuesday-Blitz-October-17-2023"]
[Site "Chess.com"]
[Date "2023.10.17"]
[Round "3"]
[White "KononenkoD"]
[Black "MightyGMpretender"]
[Result "0-1"]
[WhiteElo "2633"]
[BlackElo "2829"]
[TimeControl "180+1"]
[EndTime "8:26:29 PDT"]
[Termination "MightyGMpretender won by resignation"]

1. d4 d5 2. c4 e6 3. Nf3 Nf6 4. g3 dxc4 5. Qa4+ Nbd7 6. Bg2 a6 7. Qxc4 b5 8. Qc2 Bb7 9. O-O c5 10. a4 b4 11. Be3 Rc8 12. Qd1 c4 13. a5 Be7 14. Qc2 Be4 15. Qa4 O-O 16. Nbd2 Bc6 17. Qc2 Bd5 18. Rfc1 c3 19. bxc3 Rxc3 20. Qb2 Rxc1+ 21.
Qxc1 Qa8 22. Qb2 Rc8 23. Nb3 Ne4 24. Ne5 Nxe5 25. dxe5 Nc3 26. Bxd5 Qxd5 27. f3 Qxe5 28. Kf2 Ne4+ 29. fxe4 Qxb2 0-1

[Event "Early-Titled-Tuesday-Blitz-October-17-2023"]
[Site "Chess.com"]
[Date "2023.10.17"]
[Round "3"]
[White "Tagliata"]
[Black "Ural_bogatyr"]
[Result "0-1"]
[WhiteElo "2125"]
[BlackElo "2523"]
[TimeControl "180+1"]
[EndTime "8:26:33 PDT"]
[Termination "Ural_bogatyr won by resignation"]

1. e4 e5 2. Nf3 Nc6 3. Bb5 a6 4. Ba4 Bc5 5. O-O Nge7 6. c3 Ba7 7. d4 Ng6 8. Bxc6 dxc6 9. dxe5 Qxd1 10. Rxd1 Bg4 11. Re1 Bxf3 12. gxf3 Nxe5 13. Kg2 Nd3 14. Rd1 Nxc1 15. Rxc1 O-O-O 16. Rc2 Rd1 17. b3 f5 18.
exf5 Rf8 19. a4 Rxf5 20. Rb2 Rg5+ 21. Kh3 Rdg1 22. Kh4 Rg6 0-1

[Event "Early-Titled-Tuesday-Blitz-October-17-2023"]
[Site "Chess.com"]
[Date "2023.10.17"]
[Round "3"]
[White "BasilSmash"]
[Black "atbenina64"]
[Result "0-1"]
[WhiteElo "2452"]
[BlackElo "2718"]
[TimeControl "180+1"]
[EndTime "8:26:35 PDT"]
[Termination "atbenina64 won by resignation"]

1. e4 c5 2. Nf3 Nc6 3. d4 cxd4 4.
Nxd4 g6 5. c4 Nf6 6. Nc3 d6 7.
Be3 Ng4 8. Bg5 Qb6 9. Be3 Nxe3 10. fxe3 Bg7 11. Qd2 Nxd4 12. exd4 Qxd4 13. Qxd4 Bxd4 14. Rc1 Be6 15. b3 O-O-O 16. Nd5 Rde8 17. Bd3 Kb8 18. h3 f5 19. Rf1 Rhf8 20. Ke2 Bd7 21. Rf3 e6 22. Ne3 Bc6 23. Rcf1 Rg8 24. Rf4 g5 25.
R4f3 fxe4 0-1

[Event "Early-Titled-Tuesday-Blitz-October-17-2023"]
[Site "Chess.com"]
[Date "2023.10.17"]
[Round "3"]
[White "santosalberto1987"]
[Black "DarZay"]
[Result "1-0"]
[WhiteElo "2438"]
[BlackElo "2218"]
[TimeControl "180+1"]
[EndTime "8:26:35 PDT"]
[Termination "santosalberto1987 won by resignation"]

1. e4 c5 2. Nf3 Nc6 3. Nc3 Nd4 4.
Bc4 e6 5. O-O d6 6. d3 Bd7 7.
Nxd4 cxd4 8. Ne2 e5 9. f4 Nf6 10. c3 dxc3 11. Nxc3 Qb6+ 12. Kh1 Be7 13. f5 Rf8 14.
Bg5 Bc6 15. Rc1 O-O-O 16. b4 Kb8 17. b5 Bd7 18. a4 d5 19. Bxf6 Bxf6 20. Nxd5 Qd6 21. a5 Bg5 22. Rc2 g6 23. f6 Be6 24.
b6 Bxd5 25. Bxd5 axb6 26. axb6 Qxb6 27. Qa1 Bxf6 28. Rb1 1-0

[Event "Early-Titled-Tuesday-Blitz-October-17-2023"]
[Site "Chess.com"]
[Date "2023.10.17"]
[Round "3"]
[White "cristiano78"]
[Black "Rital44"]
[Result "0-1"]
[WhiteElo "2252"]
[BlackElo "2488"]
[TimeControl "180+1"]
[EndTime "8:26:39 PDT"]
[Termination "Rital44 won by resignation"]

1. d4 f5 2. c4 Nf6 3. Nf3 g6 4.
Nc3 Bg7 5. g3 O-O 6. Bg2 d6 7.
O-O c6 8. b3 Qc7 9. Ba3 Qa5 10.
Bb2 e5 11. dxe5 dxe5 12. a3 Rd8 13. Qc2 Na6 14. b4 Qc7 15. Rfd1 Be6 16. Rxd8+ Rxd8 17.
Rd1 e4 18. Rxd8+ Qxd8 19. Ng5 Bc8 20. h4 h6 21. Nh3 Ng4 22. Nd1 Bxb2 23. Nxb2 Qd4 24.
e3 Qf6 25. c5 Be6 26. Bf1 Ne5 27. Nf4 Bf7 28. Nd1 g5 29. hxg5 hxg5 30. Nh3 g4 31. Nf4 Nf3+ 32. Kg2 Ne1+ 0-1

[Event "Early-Titled-Tuesday-Blitz-October-17-2023"]
[Site "Chess.com"]
[Date "2023.10.17"]
[Round "3"]
[White "Juicy_Fork"]
[Black "pinguino120"]
[Result "1-0"]
[WhiteElo "2420"]
[BlackElo "2202"]
[TimeControl "180+1"]
[EndTime "8:26:39 PDT"]
[Termination "Juicy_Fork won by resignation"]

1. e4 c5 2. Nf3 d6 3. d4 cxd4 4. Nxd4 Nf6 5. Nc3 a6 6. Bd3 e5 7. Nde2 Nc6 8. O-O Nb4 9. h3 Be6 10. f4 exf4 11. Nxf4 Be7 12. Be3 O-O 13. Qe2 Nxd3 14.
cxd3 d5 15. e5 d4 16. exf6 Bxf6 17. Nh5 Be7 18. Bh6 gxh6 19. Qe5 f6 20. Qxe6+ Rf7 21.
Nd5 1-0

[Event "Early-Titled-Tuesday-Blitz-October-17-2023"]
[Site "Chess.com"]
[Date "2023.10.17"]
[Round "3"]
[White "Fore_Man"]
[Black "ArmanGhevondyanchess"]
[Result "1-0"]
[WhiteElo "2341"]
[BlackElo "2536"]
[TimeControl "180+1"]
[EndTime "8:26:43 PDT"]
[Termination "Fore_Man won by resignation"]

1. Nf3 Nf6 2. c4 g6 3. d4 d5 4.
cxd5 Bg7 5. Qb3 Qxd5 6. Qxd5 Nxd5 7. e4 Nb4 8. Na3 O-O 9. Bd2 a5 10. Be2 N8c6 11. Bc3 Bg4 12. d5 Bxf3 13. gxf3 Nd4 14. Kd2 e6 15. dxe6 fxe6 16. Nb5 Ndc2 17. Bxb4 Rfd8+ 18. Kxc2 axb4 19. Rhd1 Rxd1 20. Bxd1 c6 21. Nd6 b5 22. f4 Rd8 23. e5 g5 24. Bg4 gxf4 25. Bxe6+ Kf8 26. Re1 Bxe5 27. Rxe5 Rxd6 28. Bf5 Kg7 29. Be4 h6 30. Rc5 Re6 31. f3 1-0

[Event "Early-Titled-Tuesday-Blitz-October-17-2023"]
[Site "Chess.com"]
[Date "2023.10.17"]
[Round "3"]
[White "whiteglovethief"]
[Black "frederiksvane"]
[Result "0-1"]
[WhiteElo "2669"]
[BlackElo "2914"]
[TimeControl "180+1"]
[EndTime "8:26:45 PDT"]
[Termination "frederiksvane won by resignation"]

1. d4 e6 2. e4 d5 3. Nd2 c5 4. dxc5 Bxc5 5. Bd3 Nc6 6. Ngf3 Nge7 7. c3 O-O 8. Qe2 Ng6 9. Nb3 Bd6 10. e5 Ncxe5 11.
Nxe5 Nxe5 12. Bc2 Nc6 13. Be3 a5 14. O-O a4 15. Nc5 b6 16. Bxa4 Ne7 17. Ne4 Rxa4 0-1

[Event "Early-Titled-Tuesday-Blitz-October-17-2023"]
[Site "Chess.com"]
[Date "2023.10.17"]
[Round "3"]
[White "Cayse"]
[Black "lefonghua"]
[Result "1-0"]
[WhiteElo "2897"]
[BlackElo "2667"]
[TimeControl "180+1"]
[EndTime "8:26:47 PDT"]
[Termination "Cayse won by resignation"]

1. e4 c5 2. Nf3 g6 3. d4 cxd4 4.
Nxd4 Bg7 5. c4 Nc6 6. Be3 Nf6 7. Nc3 d6 8. Be2 O-O 9. O-O Bd7 10. f3 Nxd4 11. Bxd4 a5 12. b3 Bc6 13. Qd2 Nd7 14.
Be3 Nc5 15. Rab1 Qb6 16. Rfc1 Rfc8 17. Bf1 Qd8 18. Qf2 h5 19. g3 b6 20. Rc2 Be5 21.
Rd1 Qf8 22. Nd5 Bxd5 23. cxd5 Qg7 24. Bb5 Rc7 25. a3 Rac8 26. Rdc1 Bb2 27. Rxb2 Nxe4 28. Rxc7 Rxc7 29. fxe4 1-0

[Event "Early-Titled-Tuesday-Blitz-October-17-2023"]
[Site "Chess.com"]
[Date "2023.10.17"]
[Round "3"]
[White "Sychev_Klementy"]
[Black "Mikhail_Golubev"]
[Result "1-0"]
[WhiteElo "2848"]
[BlackElo "2582"]
[TimeControl "180+1"]
[EndTime "8:26:48 PDT"]
[Termination "Sychev_Klementy won by resignation"]

1. e4 c5 2. Nf3 d6 3. d4 Nf6 4. Nc3 cxd4 5. Nxd4 g6 6. Be3 Bg7 7. f3 Nc6 8. Qd2 O-O 9. O-O-O d5 10. Nxc6 bxc6 11.
Bh6 Bxh6 12. Qxh6 Rb8 13. e5 Nd7 14. Rd4 Re8 15. e6 Nf6 16. exf7+ Kxf7 17. Rf4 Bf5 18. g4 Qb6 19. gxf5 Qe3+ 20. Kd1 Rxb2 21. fxg6+ hxg6 22. Bd3 Reb8 23. Rxf6+ 1-0

[Event "Early-Titled-Tuesday-Blitz-October-17-2023"]
[Site "Chess.com"]
[Date "2023.10.17"]
[Round "3"]
[White "LUISMIGUELOV"]
[Black "GiorgianBarbosa"]
[Result "0-1"]
[WhiteElo "2137"]
[BlackElo "2377"]
[TimeControl "180+1"]
[EndTime "8:26:49 PDT"]
[Termination "GiorgianBarbosa won by checkmate"]

1. d4 Nf6 2. c3 e6 3. Bg5 b6 4. Nd2 Bb7 5. e4 Be7 6. e5 Ne4 7. Nxe4 Bxg5 8. Nxg5 Qxg5 9. Nf3 Qg6 10. g3 Qe4+ 11. Be2 h5 12. h4 c5 13. O-O g5 14.
hxg5 h4 15. Kg2 h3+ 16. Kh2 d6 17. Rg1 Nd7 18. exd6 O-O-O 19. dxc5 Nxc5 20. b4 Rxd6 21. Qf1 Rd2 22. Nxd2 Qg2+ 23. Rxg2 hxg2+ 24. Kg1 Rh1# 0-1

[Event "Early-Titled-Tuesday-Blitz-October-17-2023"]
[Site "Chess.com"]
[Date "2023.10.17"]
[Round "3"]
[White "Aleksandar-Topalov"]
[Black "beccrajoy"]
[Result "1-0"]
[WhiteElo "2338"]
[BlackElo "1977"]
[TimeControl "180+1"]
[EndTime "8:26:52 PDT"]
[Termination "Aleksandar-Topalov won by resignation"]

1. b3 c5 2. Bb2 d5 3. e3 Nc6 4. Bb5 Nf6 5. Nf3 a6 6. Bxc6+ bxc6 7. Ne5 Qc7 8. O-O Bf5 9. d3 e6 10. f4 Be7 11. Nd2 O-O 12. Qe2 Rfd8 13. e4 dxe4 14.
dxe4 Bg6 15. f5 exf5 16. exf5 Bh5 17. g4 Rxd2 18. Qxd2 Nxg4 19. Nxg4 Bxg4 20. f6 Bd6 21. Qg2 1-0

[Event "Early-Titled-Tuesday-Blitz-October-17-2023"]
[Site "Chess.com"]
[Date "2023.10.17"]
[Round "3"]
[White "Bauman_Guy"]
[Black "Sofia_Blokhin"]
[Result "1-0"]
[WhiteElo "2848"]
[BlackElo "2303"]
[TimeControl "180+1"]
[EndTime "8:26:53 PDT"]
[Termination "Bauman_Guy won by resignation"]

1. e4 c5 2. Nf3 e6 3. d4 cxd4 4. Nxd4 a6 5. Bd3 Qc7 6. O-O Nf6 7. Qe2 Bd6 8. g3 Nc6 9. Nxc6 dxc6 10. Nd2 e5 11. a4 a5 12. Nc4 Bc5 13. Be3 Bxe3 14. Qxe3 Be6 15. Qc5 Nd7 16. Nd6+ Kd8 17. Qa3 h5 18.
Rad1 h4 19. Bc4 Bxc4 20. Nxc4 Kc8 21. Nd6+ Kb8 22. Nxf7 Rf8 23. Rxd7 Qxd7 24. Qxf8+ Ka7 25. Qc5+ b6 26. Nxe5 Qh3 27. Qe7+ Ka6 28. Nxc6 hxg3 29. fxg3 1-0

[Event "Early-Titled-Tuesday-Blitz-October-17-2023"]
[Site "Chess.com"]
[Date "2023.10.17"]
[Round "3"]
[White "dontcatchmeifyoucant"]
[Black "Smiechu"]
[Result "0-1"]
[WhiteElo "2230"]
[BlackElo "2504"]
[TimeControl "180+1"]
[EndTime "8:26:57 PDT"]
[Termination "Smiechu won by resignation"]

1. e4 c5 2. Nf3 g6 3. c4 Nc6 4. d4 cxd4 5. Nxd4 Nf6 6. Nc3 Nxd4 7. Qxd4 d6 8. Be2 Bg7 9. Be3 O-O 10. Qd2 a5 11.
O-O a4 12. f3 Qa5 13. Rab1 Be6 14. Rfc1 Rfc8 15. Nd5 Qxd2 16. Bxd2 Bxd5 17. cxd5 Nd7 18. Rxc8+ Rxc8 19. Rc1 Rc5 20. Rxc5 Nxc5 21. Bc3 Bxc3 22.
bxc3 a3 23. Bb5 Nb3 24. Kf2 Nc1 25. Bc4 b5 26. Bxb5 Nxa2 27. Bc4 Nxc3 28. Ke3 a2 29. Bxa2 Nxa2 30. Kd4 Kg7 31. e5 dxe5+ 32. Kxe5 Nb4 33. d6 Nd3+ 34. Kd4 exd6 35. Kxd3 Kf6 36.
Kd4 Ke6 37. g4 g5 38. Ke4 d5+ 39. Kd4 Kd6 0-1

[Event "Early-Titled-Tuesday-Blitz-October-17-2023"]
[Site "Chess.com"]
[Date "2023.10.17"]
[Round "3"]
[White "familijatop71"]
[Black "McCarthyStone"]
[Result "0-1"]
[WhiteElo "2122"]
[BlackElo "2377"]
[TimeControl "180+1"]
[EndTime "8:27:05 PDT"]
[Termination "McCarthyStone won by resignation"]

1. e4 e5 2. Nf3 d6 3. d4 exd4 4.
Nxd4 Nf6 5. Nc3 g6 6. Be2 Bg7 7. Be3 O-O 8. f3 d5 9. e5 Nfd7 10. Nxd5 Nxe5 11. Nc3 Re8 12. Kf2 c6 13. Qd2 Qf6 14.
h3 Qh4+ 15. g3 Qf6 16. Bg5 Ng4+ 17. hxg4 Qxd4+ 18. Qxd4 Bxd4+ 19. Kf1 Be6 20. Rd1 Be5 21. f4 Bg7 22. a3 Nd7 23. Bh6 Bh8 24. Kf2 Nf6 25.
Bf3 Nxg4+ 26. Bxg4 Bxg4 27. Rd7 Bxc3 28. bxc3 Re2+ 29.
Kf1 Rae8 30. f5 Re1+ 0-1

[Event "Early-Titled-Tuesday-Blitz-October-17-2023"]
[Site "Chess.com"]
[Date "2023.10.17"]
[Round "3"]
[White "djokovic74"]
[Black "Gentlejimmy7"]
[Result "1-0"]
[WhiteElo "2735"]
[BlackElo "2486"]
[TimeControl "180+1"]
[EndTime "8:27:07 PDT"]
[Termination "djokovic74 won by resignation"]

1. e4 c6 2. Nf3 d5 3. Nc3 Bg4 4. d4 Bxf3 5. Qxf3 dxe4 6. Nxe4 e6 7. c3 Nf6 8. Bd3 Nxe4 9. Bxe4 Be7 10. O-O Bg5 11.
Qg3 h6 12. f4 Bf6 13. f5 exf5 14. Bxf5 Kf8 15. Bf4 Na6 16. Rae1 h5 17. Be5 Bxe5 18. dxe5 h4 19. Qf3 Kg8 20. e6 f6 21. e7 Qb6+ 22. Kh1 Kf7 23. Qe4 g5 24. Bg6+ Kg7 25. e8=Q 1-0

[Event "Early-Titled-Tuesday-Blitz-October-17-2023"]
[Site "Chess.com"]
[Date "2023.10.17"]
[Round "3"]
[White "SAInt_666"]
[Black "The_Sherman_Variation"]
[Result "1-0"]
[WhiteElo "2775"]
[BlackElo "2555"]
[TimeControl "180+1"]
[EndTime "8:27:11 PDT"]
[Termination "SAInt_666 won by resignation"]

1. e4 e6 2. d4 d5 3. e5 c5 4. c3 Nc6 5. Nf3 Nh6 6. Bd3 cxd4 7. cxd4 Nf5 8. O-O Bd7 9. Nc3 Nfxd4 10. Nxd4 Nxd4 11.
Qg4 Nc6 12. Re1 h5 13. Qg3 h4 14. Qg4 Qb6 15. Bg5 Be7 16. Bxe7 Nxe7 17. Rac1 g6 18. Qf4 Rh5 19. b4 a6 20. a4 Rc8 21.
a5 Qd8 22. Ne2 Nc6 23. Nd4 Nxe5 24. Rxc8 Qxc8 25. Rxe5 Rxe5 26. Qxe5 Qc1+ 27. Bf1 Qa1 28. Qh8+ Ke7 29. Nf5+ 1-0

[Event "Early-Titled-Tuesday-Blitz-October-17-2023"]
[Site "Chess.com"]
[Date "2023.10.17"]
[Round "3"]
[White "Druid24"]
[Black "Rosh1610"]
[Result "1-0"]
[WhiteElo "2734"]
[BlackElo "2451"]
[TimeControl "180+1"]
[EndTime "8:27:14 PDT"]
[Termination "Druid24 won by checkmate"]

1. e4 c5 2. Nc3 Nc6 3. Bb5 g6 4.
Bxc6 bxc6 5. d3 Bg7 6. Nge2 d5 7.
O-O e6 8. Bf4 Ne7 9. Qd2 O-O 10.
Bh6 Ba6 11. Bxg7 Kxg7 12. Rad1 Rb8 13. b3 Qd6 14. h3 Rfd8 15. f4 f5 16. e5 Qd7 17.
Na4 Rb5 18. Qc3 d4 19. Qc4 Ra5 20. Nxc5 Bxc4 21. Nxd7 Bxb3 22. axb3 Rxd7 23. Ra1 Rc5 24. Rfc1 Nd5 25. Ra4 Nc3 26. Nxc3 Rxc3 27. Kf2 Kf7 28.
Ke2 Rc5 29. Kd2 a5 30. Rca1 Rdd5 31. R1a2 g5 32. g3 Kg6 33. Rc4 gxf4 34. gxf4 Kh5 35.
Raa4 Kh4 36. Rxc5 Rxc5 37. Rxd4 Kxh3 38. c4 Kg4 39. Ke3 h5 40. Rd6 h4 41. Rxe6 a4 42.
b4 a3 43. bxc5 a2 44. Rg6+ Kh3 45. Rg1 Kh2 46. Ra1 h3 47. Rxa2+ Kh1 48. d4 h2 49.
Rxh2+ Kxh2 50. e6 Kg3 51. e7 Kg2 52. e8=Q Kg1 53. Qg6+ Kf1 54. Qg5 Ke1 55. Qg1# 1-0

[Event "Early-Titled-Tuesday-Blitz-October-17-2023"]
[Site "Chess.com"]
[Date "2023.10.17"]
[Round "3"]
[White "Ariadna_Atreides"]
[Black "Kostukov_Alex"]
[Result "1-0"]
[WhiteElo "2199"]
[BlackElo "2374"]
[TimeControl "180+1"]
[EndTime "8:27:14 PDT"]
[Termination "Ariadna_Atreides won by resignation"]

1. d4 g6 2. c3 Bg7 3. e4 d6 4. Bd3 e5 5. Ne2 Nc6 6. Be3 Nf6 7. d5 Ne7 8. f3 c6 9. c4 b5 10. dxc6 bxc4 11. Bxc4 Nxc6 12. O-O O-O 13. Nbc3 Be6 14. Bb5 Qc7 15. Rc1 Rac8 16. Nd5 Qb7 17. Bxc6 Qxb2 18.
Ne7+ Kh8 19. Nxc8 1-0

[Event "Early-Titled-Tuesday-Blitz-October-17-2023"]
[Site "Chess.com"]
[Date "2023.10.17"]
[Round "3"]
[White "Alenzer"]
[Black "maracayo"]
[Result "0-1"]
[WhiteElo "2109"]
[BlackElo "2370"]
[TimeControl "180+1"]
[EndTime "8:27:15 PDT"]
[Termination "maracayo won by resignation"]

1. e4 d6 2. d4 Nf6 3. Nc3 c6 4. Bc4 d5 5. exd5 cxd5 6. Bb5+ Nc6 7. Nf3 Bg4 8. O-O e6 9. h3 Bxf3 10. Qxf3 Rc8 11. Bg5 Be7 12. Rfd1 Qb6 13. Bxc6+ Rxc6 14. Rab1 O-O 15. a3 Rfc8 16. Qd3 a6 17. Rd2 Rxc3 18. bxc3 Qxb1+ 19. Kh2 Bd6+ 20. g3 Ne4 21. Rd1 Qb5 22. Qxb5 axb5 0-1

[Event "Early-Titled-Tuesday-Blitz-October-17-2023"]
[Site "Chess.com"]
[Date "2023.10.17"]
[Round "3"]
[White "surrenderPLS"]
[Black "midedu"]
[Result "1-0"]
[WhiteElo "2516"]
[BlackElo "2001"]
[TimeControl "180+1"]
[EndTime "8:27:22 PDT"]
[Termination "surrenderPLS won by resignation"]

1. e4 c5 2. Nf3 Nc6 3. Nc3 Nf6 4. Bb5 d6 5. e5 Ng4 6. d4 cxd4 7. Nxd4 Nxe5 8. f4 a6 9. Ba4 b5 10. fxe5 Nxe5 11.
Bb3 e6 12. O-O Bb7 13. Bf4 Ng6 14. Be3 Qc8 15. Rxf7 Kxf7 16. Bxe6+ Qxe6 17. Nxe6 Kxe6 18. Qg4+ Ke7 19. Bg5+ Ke8 20. Re1+ Ne5 21. Qe6+ 1-0

[Event "Early-Titled-Tuesday-Blitz-October-17-2023"]
[Site "Chess.com"]
[Date "2023.10.17"]
[Round "3"]
[White "Zhigalko_Sergei"]
[Black "Kirill_Klukin"]
[Result "1-0"]
[WhiteElo "2936"]
[BlackElo "2673"]
[TimeControl "180+1"]
[EndTime "8:27:24 PDT"]
[Termination "Zhigalko_Sergei won by resignation"]

1. e4 c5 2. Nf3 d6 3. d4 cxd4 4. Qxd4 Nc6 5. Bb5 Bd7 6. Bxc6 Bxc6 7. Nc3 h6 8. Qd3 Nf6 9. Nd4 e5 10. Nf5 d5 11. Qg3 g6 12. Qxe5+ Be7 13. exd5 Bd7 14. Nxe7 Qxe7 15. Bf4 Bf5 16. O-O-O Qxe5 17. Bxe5 Ke7 18. Rhe1 Rhe8 19. Bd4+ 1-0

[Event "Early-Titled-Tuesday-Blitz-October-17-2023"]
[Site "Chess.com"]
[Date "2023.10.17"]
[Round "3"]
[White "Happy1712Drummer"]
[Black "campochess"]
[Result "1-0"]
[WhiteElo "2386"]
[BlackElo "2142"]
[TimeControl "180+1"]
[EndTime "8:27:24 PDT"]
[Termination "Happy1712Drummer won by resignation"]

1. e4 c5 2. Nf3 Nc6 3. c3 Nf6 4. e5 Nd5 5. d4 cxd4 6. Bc4 e6 7. cxd4 Nb6 8. Bd3 d6 9. O-O dxe5 10. dxe5 Bc5 11.
Nc3 Nd5 12. Qe2 Nxc3 13. bxc3 O-O 14. Rd1 Qc7 15. Qe4 g6 16. Bh6 Rd8 17. Bg5 Be7 18. Qh4 Bxg5 19. Nxg5 h5 20. Qf4 Rxd3 21. Rxd3 Nxe5 22.
Re3 1-0

[Event "Early-Titled-Tuesday-Blitz-October-17-2023"]
[Site "Chess.com"]
[Date "2023.10.17"]
[Round "3"]
[White "biostatistician"]
[Black "UK_23"]
[Result "1-0"]
[WhiteElo "2584"]
[BlackElo "2414"]
[TimeControl "180+1"]
[EndTime "8:27:27 PDT"]
[Termination "biostatistician won by resignation"]

1. d4 d5 2. Nf3 Nf6 3. c4 e6 4.
Nc3 Be7 5. Bg5 O-O 6. e3 b6 7. Bd3 Bb7 8. O-O c5 9. Qe2 dxc4 10. Bxc4 Nbd7 11. Rad1 Qb8 12. Nb5 cxd4 13. Rxd4 Bc5 14.
Rh4 Be4 15. Bf4 e5 16. Bg3 h6 17. Rd1 Re8 18. Rxd7 Bxf3 19. Qxf3 Nxd7 20. Qxf7+ Kh8 21.
Qxd7 Re7 22. Qh3 Qd8 23. Nc3 Rd7 24. Rxh6+ gxh6 25. Qxh6+ Rh7 26. Bxe5+ 1-0

[Event "Early-Titled-Tuesday-Blitz-October-17-2023"]
[Site "Chess.com"]
[Date "2023.10.17"]
[Round "3"]
[White "mary-sanna"]
[Black "abc_xyz4744"]
[Result "1-0"]
[WhiteElo "2180"]
[BlackElo "2364"]
[TimeControl "180+1"]
[EndTime "8:27:27 PDT"]
[Termination "mary-sanna won by resignation"]

1. d4 d5 2. c4 c6 3. Nf3 Nf6 4. g3 dxc4 5. Bg2 b5 6. O-O Bb7 7. a4 a6 8. Ne5 e6 9. b3 cxb3 10.
Qxb3 Bd6 11. axb5 axb5 12. Rxa8 Bxa8 13. Ba3 O-O 14. e3 Nd5 15. Rc1 Qe7 16. e4 Nb6 17. Bxd6 Qxd6 18. Qc3 f6 19. Nd3 N8d7 20. Nd2 Rc8 21.
Nc5 Nxc5 22. dxc5 Qc7 23. cxb6 Qxb6 24. Nb3 Bb7 25. Nc5 b4 26. Qb3 1-0